 Dungeon Crawl Stone Soup version 0.28-a0-643-g84cb2ea78e (webtiles) character file.

Game seed: 1974371208634580136

3577 timneilson the Shield-Bearer (level 9, -9/71 HPs)
             Began as a Demonspawn Fighter on Oct 10, 2021.
             Was a Believer of Okawaru.
             Mangled by a sun demon (12 damage)
             ... summoned by a kobold demonologist
             ... on level 9 of the Dungeon.
             The game lasted 00:15:59 (9386 turns).

timneilson the Shield-Bearer (Demonspawn Fighter)   Turns: 9386, Time: 00:15:59

Health: -9/71      AC: 17    Str: 20    XL:     9   Next: 84%
Magic:  9/11       EV: 15    Int:  9    God:    Okawaru [**....]
Gold:   61         SH:  8    Dex: 13    Spells: 8/8 levels left

rFire   . . .      SeeInvis .   w - +4 long sword (drain)
rCold   + . .      Faith    .   c - +1 buckler
rNeg    . . .      Spirit   .   p - +0 chain mail
rPois   .          Reflect  .   (no helmet)
rElec   .          Harm     .   b - +2 cloak
rCorr   .          Rampage  .   (no gloves)
Will    .....                   (no boots)
Stlth   ..........              k - amulet of regeneration
HPRegen 1.21/turn               s - ring of protection from cold
MPRegen 0.12/turn               x - +4 ring of evasion

@: heroic, mesmerised
A: rugged brown scales 2, icemail 1, condensation shield
a: Renounce Religion, Heroism


You were on level 9 of the Dungeon.
You worshipped Okawaru.
Okawaru was pleased with you.
You visited 2 branches of the dungeon, and saw 10 of its levels.

You collected 391 gold pieces.
You spent 330 gold pieces at shops.

Inventory:

Hand Weapons
 a - a +0 long sword of venom
 e - a +0 scimitar
 w - a +4 long sword of draining (weapon)
Armour
 b - a +2 cloak (worn)
 c - a +1 buckler (worn)
 p - a +0 chain mail (worn)
 v - a +0 cloak
 A - a +0 plate armour
Jewellery
 k - an amulet of regeneration (around neck)
 s - a ring of protection from cold (left hand)
 x - a +4 ring of evasion (right hand)
 y - a +6 ring of dexterity
Wands
 m - a wand of acid (6)
 q - a wand of paralysis (7)
 C - a wand of polymorph (2)
Scrolls
 d - 2 scrolls of enchant armour
 f - 4 scrolls of teleportation
 o - 3 scrolls of identify
 t - a scroll of magic mapping
 u - 2 scrolls of blinking
Potions
 g - a potion of resistance
 h - 4 potions of flight
 i - a potion of ambrosia
 j - 2 potions of lignification
 l - 3 potions of curing
 n - 2 potions of might
 r - a potion of berserk rage
 z - a potion of haste


   Skills:
 + Level 5.6(10.6) Fighting
 * Level 6.5(11.5) Long Blades
 * Level 6.7(11.7) Armour
 + Level 4.2(9.2) Dodging
 * Level 6.7(11.7) Shields
 + Level 3.2 Invocations
 + Level 2.3 Evocations


You had 8 spell levels left.
You didn't know any spells.
Your spell library contained the following spells:

 Spells                   Type           Power      Damage    Failure   Level
 Sandblast                Erth           0%         2d4       95%         1
 Passwall                 Tmut/Erth      0%         N/A       98%         2
 Stone Arrow              Conj/Erth      0%         3d7       100%        3
 Freezing Cloud           Conj/Ice/Air   0%         6-21      100%        5
 Polar Vortex             Ice            0%         N/A       100%        9
 Simulacrum               Ice/Necr       Unusable   N/A       N/A         6

Dungeon Overview and Level Annotations

Branches:
Dungeon (9/15)             Temple (1/1) D:5
   Lair: D:8-11         Orc: D:9-12

Altars:
Ashenzari
Cheibriados
Dithmenos
Fedhas
Kikubaaqudgha
Makhleb
Nemelex Xobeh
Okawaru
Qazlal
Ru
Sif Muna
Trog
Uskayaw
Vehumet
Wu Jian
Xom
Yredelemnul
Zin
The Shining One
Beogh

Shops:
D:7 *

Annotations:
D:4 2 transporters, 3 runed translucent doors, lawman0's ghost, amateur DjDe
D:9 Maggie


Innate Abilities, Weirdness & Mutations

You are mostly covered in rugged brown scales. (AC +2, +5% HP)
A meltable icy envelope protects you from harm. (AC +0)
A meltable shield of frost defends you. (SH +0)


Message History

The smoke demon hits you but does no damage. x3
The smoke demon gestures at you. The sticky flame hits you.
You are covered in liquid flames!
Okay, then.
You gain the combat prowess of a mighty hero.
You are covered in liquid flames!
Maggie misses you. The smoke demon gestures at you. Something smites you!
The smoke demon hits you but does no damage.
The smoke demon misses you. The smoke demon closely misses you.
You slash Maggie! You drain Maggie.
Maggie is heavily wounded.
You are covered in liquid flames!
Maggie barely misses you.
The kobold demonologist casts a spell.
You block the smoke demon's attack. The smoke demon hits you.
The smoke demon hits you but does no damage.
You closely miss Maggie.
Maggie is heavily wounded.
You are covered in liquid flames!
You are no longer on fire.
The crimson imp shouts!
The quasit disappears in a puff of smoke!
The smoke demon gestures at you. The ball of steam misses you.
You block Maggie's attack. You block the sun demon's attack.
The smoke demon hits you.
The smoke demon hits you but does no damage. x2
You hit Maggie.
Maggie is severely wounded.
You are engulfed in a cloud of scalding steam.
The crimson imp blinks!
You block the crimson imp's attack. The smoke demon gestures at you.
Something smites you!
* * * LOW HITPOINT WARNING * * *
The sun demon hits you!
* * * LOW HITPOINT WARNING * * *
You are engulfed in flames!
You die...

...............
...............
....F.....§§§.
.§≈≈§≈≈≈≈≈≈§######+#
##.5.. §.§§§#......#
#..≈.###)#.≈.#......#
#..3@#...#.≈.+......#
+.K5@#._.#§§........#
###..33#...#.§.+.......
+...5≈§#.###§≈.##......
#...§≈§......≈..#......
####§≈≈≈≈≈§§≈≈§(#......
..........§..).)#>.....
..............).##.....
..................#.....
######+##.........##....


You could see Maggie (mesmerising, drained), a sun demon (summoned), a kobold
demonologist, 2 smoke demons, a bullfrog, a quasit (summoned) and 2 crimson
imps.

Vanquished Creatures
  Prince Ribbit (D:7)
  Sigmund (D:2)
  Menkaure (D:6)
  2 vampire mosquitoes (D:7)
  2 acid dragons (D:8)
  An ice beast (D:6)
  2 black bears (D:5)
  An orc warrior (D:9)
  A sky beast (D:6)
  2 ogres
  A kobold brigand (D:6)
  Blork the orc (D:6)
  2 bullfrogs
  A wyvern zombie (D:8)
  A gnoll sergeant (D:6)
  A scorpion (D:7)
  8 wights
  3 howler monkeys
  3 centaur zombies
  3 hounds
  2 bullfrog skeletons (D:5)
  3 orc priests
  Crazy Yiuf (D:6)
  A centaur skeleton (D:7)
  A jelly (D:5)
  Jessica (D:3)
  4 iguanas
  8 orc wizards
  2 killer bee zombies (D:8)
  A howler monkey zombie (D:5)
  14 gnolls
  6 adders
  2 ufetubi
  A worm (D:3)
  4 dart slugs
  19 orcs
  5 bats
  5 endoplasms
  2 giant cockroaches
  4 goblins
  8 hobgoblins
  2 jackals (D:1)
  5 quokkas
  6 ball pythons
  8 frilled lizards
  15 kobolds
  8 rats
176 creatures vanquished.

Notes
Turn   | Place    | Note
-------+----------+-------------------------------------------
     0 | D:1      | timneilson the Demonspawn Fighter began the quest for the
                  | Orb.
     0 | D:1      | Reached XP level 1. HP: 18/18 MP: 1/1
   168 | D:1      | Gained mutation: A meltable shield of frost defends you.
                  | (SH +0) [demonic ancestry]
   168 | D:1      | Reached XP level 2. HP: 15/24 MP: 2/2
   813 | D:1      | Reached XP level 3. HP: 29/29 MP: 3/3
  1777 | D:2      | Noticed Sigmund
  1788 | D:2      | Killed Sigmund
  1789 | D:2      | Reached skill level 1 in Dodging
  1789 | D:2      | Reached XP level 4. HP: 18/35 MP: 4/4
  1789 | D:2      | Gained mutation: A meltable icy envelope protects you from
                  | harm. (AC +0) [demonic ancestry]
  1789 | D:2      | Reached XP level 5. HP: 21/41 MP: 5/5
  2665 | D:3      | Noticed Jessica
  2673 | D:3      | Killed Jessica
  2674 | D:3      | Reached XP level 6. HP: 47/47 MP: 6/6
  2887 | D:4      | Found a transporter.
  3643 | D:4      | Reached XP level 7. HP: 53/53 MP: 7/7
  3947 | D:4      | Found a transporter.
  4153 | D:4      | Found a runed translucent gate.
  4153 | D:4      | Noticed lawman0's ghost (amateur DjDe)
  4153 | D:4      | Identified the +8 hunting sling of Nemelex Xobeh {flame,
                  | rF+ rN+ Int+4}
  4154 | D:4      | Found a runed translucent gate.
  4155 | D:4      | Found a runed translucent gate.
  4516 | D:5      | Entered Level 5 of the Dungeon
  4710 | D:5      | Reached skill level 5 in Shields
  4710 | D:5      | Gained mutation: You are partially covered in rugged brown
                  | scales. (AC +1, +3% HP) [demonic ancestry]
  4710 | D:5      | Reached XP level 8. HP: 21/62 MP: 8/8
  5000 | D:5      | Found a staircase to the Ecumenical Temple.
  5012 | D:5      | Reached skill level 5 in Armour
  5018 | Temple   | Entered the Ecumenical Temple
  5296 | Temple   | Became a worshipper of Warmaster Okawaru
  5624 | D:5      | Identified the +5 hunting sling of Nageovib {vorpal, Will+
                  | Int+6 Dex+4}
  5703 | D:5      | Reached skill level 5 in Long Blades
  6222 | D:6      | Noticed Blork the orc
  6226 | D:6      | Noticed Menkaure
  6229 | D:6      | Killed Blork the orc
  6229 | D:6      | Reached * piety under Okawaru
  6235 | D:6      | Killed Menkaure
  6981 | D:6      | Found a runed translucent door.
  6982 | D:6      | Noticed Crazy Yiuf
  7172 | D:6      | Reached skill level 5 in Fighting
  7172 | D:6      | Reached skill level 1 in Invocations
  7172 | D:6      | Gained mutation: You are mostly covered in rugged brown
                  | scales. (AC +2, +5% HP) [demonic ancestry]
  7172 | D:6      | Reached XP level 9. HP: 59/71 MP: 9/9
  7329 | D:6      | Paralysed by Crazy Yiuf for 4 turns
  7340 | D:6      | Killed Crazy Yiuf
  7711 | D:6      | Reached skill level 1 in Evocations
  8033 | D:7      | Noticed Prince Ribbit
  8041 | D:7      | Reached ** piety under Okawaru
  8062 | D:7      | Killed Prince Ribbit
  8139 | D:7      | Found Caott's Neck Hole.
  8616 | D:7      | Bought an amulet of regeneration for 330 gold pieces
  9373 | D:9      | Found a broken altar of Ashenzari.
  9373 | D:9      | Noticed a kobold demonologist
  9375 | D:9      | Noticed Maggie
  9381 | D:9      | Noticed a smoke demon
  9382 | D:9      | Noticed a smoke demon
  9383 | D:9      | Noticed a sun demon
  9386 | D:9      | HP: 3/71 [sun demon[a kobold demonologist] (15)]
  9386 | D:9      | Mangled by a sun demon

Illustrated notes

Levels and vault maps discovered:
D:1:      dpeg_arrival_radiant, layout_basic
D:2:      layout_loops_ring, minmay_misc_feat_iff, minmay_lizard_pond,
          uniq_sigmund
D:3:      layout_rooms, chequers_jeans, kennysheep_jessica_study
D:4:      gammafunk_wand_slinger, layout_gridville, biasface_ghost_orc_armoury
D:5:      minmay_diamond_boxcup, layout_gridville, minmay_temple_entry_overgrown
D:6:      layout_loops_ring, uniq_blork_the_orc, uniq_menkaure,
          uniq_crazy_yiuf_cottage
D:7:      layout_cave_pools, nicolae_shop_sticking_my_neck_out,
          uniq_prince_ribbit1
D:8:      layout_basic
D:9:      layout_irregular_city, old_standard_altar,
          mainiacjoe_overflow_brackets, uniq_maggie
Temple:   dpeg_five_rooms_temple

Skill      XL: |  1  2  3  4  5  6  7  8  9 |
---------------+----------------------------+-----
Long Blades    | 2 3 4 5 6 |  6.5
Armour         | 3 4 5 6 |  6.7
Shields        | 3 4 5 6 |  6.7
Dodging        | 1 2 3 4 |  4.2
Fighting       | 4 5 |  5.6
Invocations    | 1 3 |  3.2
Evocations     | 2 |  2.3

Action                   |  1- 3 |  4- 6 |  7- 9 || total
-------------------------+-------+-------+-------++-------
Melee: Long sword        |   142 |    62 |   137 ||   341
       Scimitar          |       |    36 |   374 ||   410
Invok: Heroism           |       |       |     2 ||     2
  Use: Scroll            |     5 |     9 |     8 ||    22
       Potion            |     1 |     1 |     4 ||     6
Armor: Scale mail        |    64 |    30 |    87 ||   181
       Skin              |       |     1 |     1 ||     2
       Chain mail        |       |       |   167 ||   167
Dodge: Dodged            |    50 |    28 |   248 ||   326
Block: Buckler           |    69 |    45 |   317 ||   431

Table legend: (Time is in decaauts)
 A = Elapsed time spent in this place.
 B = Non-inter-level travel time spent in this place.
 C = Inter-level travel time spent in this place.
 D = Time resting spent in this place.
 E = Time spent auto-exploring this place.
 F = Levels seen in this place.
 G = Mean time per level.
                   A        B        C        D        E       F      G
               +--------+--------+--------+--------+--------+-----+--------+
         Total |   9530 |   9210 |    320 |    910 |   6470 |  10 |  953.0 |
       Dungeon |   9216 |   8986 |    230 |    910 |   6259 |   9 | 1024.0 |
        Temple |    313 |    223 |     90 |      0 |    211 |   1 |  313.0 |
               +--------+--------+--------+--------+--------+-----+--------+

Top non-repeatable levels by time:
     D:6: 1768 daAuts
     D:1: 1312 daAuts
     D:5: 1261 daAuts
     D:4: 1243 daAuts
     D:3: 1044 daAuts
     D:2: 998 daAuts
     D:7: 773 daAuts
     D:8: 748 daAuts
  Temple: 313 daAuts
     D:9: 65 daAuts
